AoeStats
← ITA | Raffy

Arena

504734347Analyzed
4v4 RM · 26d ago on Sep 6, 2026· 28m 46s· 8 players
Game mode
Random Map
Map size
Large (8 player)
Population
200
Speed
Normal
Resources
Standard
Victory
Conquest
Starting age
Dark Age
Ending age
Imperial Age
RankedLock teamsTeams togetherTeam positionsShared explorationLock speedFull tech treeHidden civsTurbo modeCheats
Victory
Defeat
🇯🇵 Aztecs · Japan
1433
+14
🇻🇳 Slavs · Vietnam
1430
+14
🇻🇳 Spanish · Vietnam
1329
+18
🇯🇵 Cumans · Japan
1305
+19
🇮🇹 Slavs · Italy
1516
-22
🇭🇺 Saracens · Hungary
1368
-16
🇫🇷 Burmese · France
1315
-14
🇮🇹 Portuguese · Italy
1294
-13
huninter
10:36 Feudal Age
14:34 Castle Age
12:41 Double-Bit Axe
12:39 Horse Collar
20:21 Loom
20:30 Loom
27:57 Wheelbarrow
28:47 Hand Cart
BIC
10:28 Feudal Age
14:27 Castle Age
12:33 Horse Collar
24:31 Wheelbarrow
30:29 Imperial Age
28:08 Loom
28:15 Gold Mining
28:58 Hand Cart
Monesi28
10:34 Feudal Age
14:28 Castle Age
12:34 Double-Bit Axe
12:34 Horse Collar
17:28 Loom
22:07 Wheelbarrow
22:02 Bow Saw
23:42 Fletching
29:06 Imperial Age
26:42 Bodkin Arrow
27:55 Scale Mail Armor
28:05 Forging
28:21 Heavy Plow
ITA | Raffy
10:24 Feudal Age
10:30 Feudal Age
12:18 Double-Bit Axe
14:35 Castle Age
12:52 Horse Collar
15:52 Bow Saw
16:57 Loom
17:48 Wheelbarrow
24:24 Murder Holes
ohawan12312
7:27 Loom
9:39 Feudal Age
10:10 Double-Bit Axe
23:18 Castle Age
22:25 Horse Collar
23:47 Wheelbarrow
23:37 Gold Mining
24:30 Bow Saw
26:00 Hand Cart
teko55
8:46 Feudal Age
10:04 Loom
13:41 Fletching
14:26 Double-Bit Axe
23:09 Castle Age
22:07 Padded Archer Armor
21:50 Horse Collar
22:49 Gold Mining
23:17 Crossbowman
24:27 Bodkin Arrow
28:13 Wheelbarrow
29:06 Bow Saw
Spartacus
11:57 Feudal Age
13:04 Town Watch
15:23 Castle Age
13:42 Double-Bit Axe
13:38 Horse Collar
15:18 Stone Mining
15:18 Gold Mining
16:39 Bow Saw
19:08 Heavy Plow
20:04 Padded Archer Armor
24:07 Loom
26:36 Wheelbarrow
26:32 Fletching
28:38 Leather Archer Armor
danganharmy
10:44 Feudal Age
11:56 Double-Bit Axe
15:45 Castle Age
14:12 Man-at-Arms
15:54 Long Swordsman
26:03 Squires
26:37 Horse Collar
27:10 Bow Saw
27:11 Forging
27:01 Scale Mail Armor
28:19 Wheelbarrow
Connection lost

Rejoining the realm…

Still unreachable

The connection could not be restored.

Session expired

The server has moved on; the page needs a fresh start.